 Dungeon Crawl Stone Soup version 0.24-a0-769-g368c164 (webtiles) character file.

Game seed: 8340445522925876754, levelgen mode: deterministic

115466 robertstho the Stickfighter (level 16, -12/101 HPs)
             Began as a Gargoyle Gladiator on Oct 4, 2019.
             Was a High Priest of Okawaru.
             Killed from afar by a thorn hunter (28 damage)
             ... with a volley of thorns
             ... on level 4 of the Swamp.
             The game lasted 01:05:06 (24908 turns).

robertstho the Stickfighter (Gargoyle Gladiator)   Turns: 24908, Time: 01:05:07

Health: -12/101    AC: 41    Str: 23    XL:     16   Next: 68%
Magic:  15/21      EV: 16    Int: 10    God:    Okawaru [*****.]
Gold:   720        SH:  0    Dex: 15    Spells: 15/15 levels left

rFire    . . .     SeeInvis +   b - +1 bardiche of Pucku {flame, *Slow rPois rN+ SInv}
rCold    + . .     Gourm    .   (shield currently unavailable)
rNeg     + + .     Faith    .   N - +0 plate armour
rPois    ∞         Spirit   .   c - +2 helmet
rElec    +         Reflect  .   F - +0 cloak
rCorr    +         Harm     .   Y - +1 pair of gloves of the Rose {*Drain rC+ rCorr Dex+3}
MR       ++...                  I - +1 pair of boots of Vexation {rElec}
Stlth    ..........             V - amulet of rage
HPRegen  0.26/turn              D - ring of resist corrosion
MPRegen  0.17/turn              Q - ring of protection from magic

@: heroism, finesse, flying
A: big wings, low mp 1, negative energy resistance 1, electricity resistance,
unbreathing, petrification resistance, rot immunity, subdued magic 1, AC +12
a: Stop Flying, Heroism, Finesse, Renounce Religion, Evoke Berserk Rage


You were on level 4 of the Swamp.
You worshipped Okawaru.
Okawaru was extremely pleased with you.
You were hungry.

You visited 4 branches of the dungeon, and saw 23 of its levels.
You also visited: Ossuary and Gauntlet.

You collected 1959 gold pieces.
You spent 1239 gold pieces at shops.

Inventory:

Hand Weapons
 a - the +7 quarterstaff of Jadao {crush, +Rage rElec rF+}
   (You found it on level 3 of the Swamp)

   It inflicts extra damage upon your enemies.
   It protects you from fire.
   It insulates you from electricity.
   It lets you go berserk.
 b - the +1 bardiche of Pucku (weapon) {flame, *Slow rPois rN+ SInv}
   (Okawaru gifted it to you on level 4 of the Lair of Beasts)

   It has been specially enchanted to burn those struck by it, causing extra
   injury to most foes and up to half again as much damage against particularly
   susceptible opponents.
   Big, fiery blades are also staple armaments of hydra-hunters.
   It protects you from poison.
   It protects you from negative energy.
   It lets you see invisible.
   It may slow you when you take damage.
 C - a +6 lajatang of protection
Missiles
 d - 3 throwing nets (quivered)
Armour
 c - a +2 helmet (worn)
 F - a +0 cloak (worn)
 I - the +1 pair of boots of Vexation (worn) {rElec}
   (Okawaru gifted it to you on level 2 of the Lair of Beasts)

   It insulates you from electricity.
 N - a +0 plate armour (worn)
 T - a +3 troll leather armour {Snorg}
 Y - the +1 pair of gloves of the Rose (worn) {*Drain rC+ rCorr Dex+3}
   (You found it in a Gauntlet)

   It affects your dexterity (+3).
   It protects you from cold.
   It provides partial protection from all sources of acid and corrosion.
   It causes draining when unequipped.
Jewellery
 q - an uncursed ring of fire
 t - the ring "Taudea" {rElec rC- SInv Stlth+}
   (You took it off a minotaur in a Gauntlet)

   [ring of stealth]

   It makes you vulnerable to cold.
   It insulates you from electricity.
   It lets you see invisible.
   It makes you more stealthy.
 u - an uncursed ring of magical power
 w - a +2 ring of evasion
 D - a ring of resist corrosion (left hand)
 H - an uncursed ring of protection from magic
 J - an uncursed ring of protection from cold
 L - an uncursed amulet of regeneration
 Q - a ring of protection from magic (right hand)
 V - an amulet of rage (around neck)
Wands
 v - a wand of digging (7)
 B - a wand of disintegration (21)
 G - a wand of iceblast (5)
 X - a wand of acid (18)
Scrolls
 e - 4 scrolls of teleportation
 m - 3 scrolls of magic mapping
 o - 12 scrolls of remove curse
 p - 3 scrolls of immolation
 x - a scroll of blinking
 y - 3 scrolls of fog
 E - 8 scrolls of fear
 K - a scroll of summoning
 O - 3 scrolls of holy word
 R - a scroll of brand weapon
 S - 7 scrolls of identify
 Z - 3 scrolls of enchant armour
Potions
 g - 7 potions of curing
 h - 2 potions of might
 i - 2 potions of resistance
 k - a potion of cancellation
 l - 3 potions of mutation
 n - 6 potions of haste
 r - 6 potions of lignification
 s - 3 potions of magic
 A - a potion of berserk rage
 M - a potion of ambrosia
Miscellaneous
 U - a phantom mirror
Comestibles
 f - 31 rations


   Skills:
 + Level 12.0(17.0) Fighting
 + Level 5.6(17.2) Polearms
 * Level 17.7(23.0) Staves
 + Level 1.9(6.9) Throwing
 * Level 13.6(18.6) Armour
 * Level 10.0(15.0) Dodging
 - Level 0.7(5.7) Stealth
 * Level 10.7 Invocations


You had 15 spell levels left.
You didn't know any spells.
Your spell library contained the following spells:

 Spells                   Type           Power        Failure   Level  Hunger
 Animate Skeleton         Necr           N/A          92%         1    ##.....
 Apportation              Tloc           #.....       92%         1    ##.....
 Beastly Appendage        Tmut           #.....       92%         1    ##.....
 Confusing Touch          Hex            #.....       92%         1    ##.....
 Infusion                 Chrm           #...         92%         1    ##.....
 Magic Dart               Conj           #...         92%         1    ##.....
 Sting                    Conj/Pois      #...         92%         1    ##.....
 Summon Small Mammal      Summ           #...         92%         1    ##.....
 Blink                    Tloc           N/A          98%         2    ###....
 Call Imp                 Summ           #.......     98%         2    ###....
 Poisonous Vapours        Pois/Air       #.....       98%         2    ###....
 Shroud of Golubria       Chrm/Tloc      #.....       98%         2    ###....
 Slow                     Hex            #.......     98%         2    ###....
 Song of Slaying          Chrm           #.......     98%         2    ###....
 Sticks to Snakes         Tmut           #.......     98%         2    ###....
 Conjure Flame            Conj/Fire      #.......     100%        3    ####...
 Gell's Gravitas          Tloc           #.........   100%        3    ####...
 Mephitic Cloud           Conj/Pois/Air  #.......     100%        3    ####...
 Portal Projectile        Hex/Tloc       #.....       100%        3    ####...
 Recall                   Summ/Tloc      N/A          100%        3    ####...
 Regeneration             Chrm/Necr      #.........   100%        3    ####...
 Spectral Weapon          Hex/Chrm       #.......     100%        3    ####...
 Spider Form              Tmut/Pois      #.........   100%        3    ####...
 Force Lance              Conj/Tloc      #.......     100%        4    #####..
 Ice Form                 Ice/Tmut       #.......     100%        4    #####..
 Olgreb's Toxic Radiance  Pois           #.......     100%        4    #####..
 Aura of Abjuration       Summ           #.........   100%        5    ######.
 Blade Hands              Tmut           #.........   100%        5    ######.
 Bolt of Magma            Conj/Fire/Erth #.........   100%        5    ######.
 Iskenderun's Battlesphe  Conj/Chrm      #.......     100%        5    ######.
 Summon Demon             Summ           #.........   100%        5    ######.
 Summon Forest            Summ/Tloc      #.........   100%        5    ######.
 Summon Mana Viper        Hex/Summ       #.......     100%        5    ######.
 Venom Bolt               Conj/Pois      #.........   100%        5    ######.
 Dispersal                Tloc           #.........   100%        6    #######
 Freezing Cloud           Conj/Ice/Air   #.........   100%        6    #######
 Iron Shot                Conj/Erth      #.........   100%        6    #######
 Shadow Creatures         Summ           N/A          100%        6    #######
 Malign Gateway           Summ/Tloc      #.........   100%        7    #######
 Monstrous Menagerie      Summ           #.........   100%        7    #######
 Orb of Destruction       Conj           #.........   100%        7    #######
 Ring of Flames           Chrm/Fire      #.........   100%        7    #######
 Spellforged Servitor     Conj/Summ      #.........   100%        7    #######
 Summon Greater Demon     Summ           #.........   100%        7    #######
 Controlled Blink         Tloc           N/A          100%        8    #######
 Disjunction              Tloc           #.........   100%        8    #######
 Summon Horrible Things   Summ           #.........   100%        8    #######


Dungeon Overview and Level Annotations

Branches:
Dungeon (11/15)            Temple (0/1) D:7            Lair (6/6) D:10
  Swamp (4/4) Lair:4        Snake (0/4) Lair:4        Slime (0/5) Lair:5
    Orc (2/2) D:11            Elf (0/3) Orc:2       Ossuary (visited)
Gauntlet (visited)

Altars:
Ashenzari
Fedhas
Makhleb
Okawaru
Qazlal
Sif Muna
Zin
The Shining One
Beogh
Jiyva

Shops:
D:4 (   D:6 !   D:7 (   D:8 *   D:11 [   Orc:2 *!}??


Innate Abilities, Weirdness & Mutations

You are resistant to torment.
Your stone body is resilient. (AC +12)
You are immune to poison.
Your large and strong wings let you fly indefinitely.
You resist negative energy. (rN+)
You are resistant to electric shocks. (rElec)
You can survive without breathing.
You are immune to petrification.
You are immune to rotting.
Your magical capacity is low. (-10% MP)
Your spells are a little easier to cast, but a little less powerful.


Message History

The thorn hunter closely misses you. x2
You hit the thorn hunter but do no damage.
The thorn hunter is heavily damaged.
The thorn hunter hits you but does no damage.
The thorn hunter completely misses you.
You completely miss the thorn hunter.
The thorn hunter is heavily damaged.
The thorn hunter gestures.
You hit the thorn hunter but do no damage.
The thorn hunter is heavily damaged.
You barely miss the thorn hunter.
The thorn hunter is heavily damaged.
The thorn hunter hits you.
* * * LOW HITPOINT WARNING * * *
The thorn hunter hits you but does no damage.
You closely miss the thorn hunter.
The thorn hunter is heavily damaged.
The thorn hunter fires a volley of thorns at you.
The volley of thorns hits you!!
You die...

♣♣♣♣♣♣♣ ♣♣♣♣♣ ♣♣.≈..≈♣♣♣...♣♣♣♣♣
♣♣♣ ♣.≈≈≈.)≈≈♣§≈≈.♣.§♣♣♣ ♣♣≈♣♣♣
♣.≈≈≈≈.≈.♣♣(≈≈...≈.♣ ♣....♣
♣≈.≈≈≈.≈≈.♣♣<≈≈≈..P♣♣♣§≈..♣
♣♣♣.≈§.≈≈..≈♣@.≈≈.≈.≈♣♣.≈.♣♣
♣♣...≈≈≈≈§§...f≈≈.♣♣≈.♣♣≈.≈♣ ♣
♣♣≈≈≈≈≈≈≈.≈≈.≈≈≈...♣≈...≈...♣ ♣♣
♣≈≈≈≈≈≈≈..≈≈≈...♣♣♣..≈≈≈≈≈.≈♣ ♣≈
♣≈≈≈≈≈≈...≈..♣♣♣♣♣≈≈≈≈≈≈≈...♣♣♣§
♣≈≈≈≈≈≈..≈≈.≈♣♣ ♣♣.≈≈≈≈≈.♣♣≈♣♣.
♣≈≈≈≈≈≈≈≈≈.≈♣≈♣♣♣♣♣♣♣≈≈≈≈≈.♣♣♣♣♣
♣≈≈≈.≈≈≈..≈♣♣..♣♣.≈..≈≈≈≈..♣♣♣..
♣♣♣≈≈.≈.≈.♣♣♣(...≈≈§≈≈≈≈.♣♣♣♣≈≈≈


You could see a thorn hunter.

Vanquished Creatures
  A very ugly thing (Swamp:2)
  An entropy weaver (Gauntlet)
  A minotaur (Gauntlet)
  Snorg (D:11)
  A death ooze (Gauntlet)
  4 ogre magi (Orc:2)
  Josephine (Swamp:1)
  19 hydras
  3 catoblepae (Lair:6)
  16 two-headed ogres
  7 alligators
  A hell hog (Gauntlet)
  A spriggan berserker (Swamp:4)
  9 death yaks
  Sonja (D:11)
  6 spriggans
  A wizard (D:11)
  A spriggan druid (Swamp:2)
  9 swamp dragons
  An unseen horror (D:11)
  Pikel (D:5)
  An orc sorcerer (Orc:1)
  An oklob plant (Lair:4)
  An orc knight (D:11)
  A cyclops (D:11)
  3 manticores
  2 black mambas
  5 elephants (Lair:5)
  2 torpor snails
  14 spiny frogs
  8 komodo dragons
  3 rime drakes
  A redback zombie (D:10)
  A polar bear (Lair:2)
  2 trolls
  7 tyrant leeches
  A jumping spider (Gauntlet)
  8 hornets
  9 slime creatures (Lair:4)
  Prince Ribbit (D:8)
  11 bog bodies
  10 hippogriffs
  13 dream sheep
  17 blink frogs
  A redback (Gauntlet)
  A vampire (D:10)
  2 shadows
  68 yaks
  A wyvern (Lair:4)
  6 wraiths
  A human (D:7)
  6 vampire mosquitoes
  4 hogs (D:7)
  Menkaure (D:7)
  2 fire bats (Gauntlet)
  3 basilisks
  2 hungry ghosts
  3 wargs
  3 insubstantial wisps (Swamp:4)
  16 swamp worms
  A hell hound (Gauntlet)
  16 water moccasins
  Duvessa (D:7)
  7 porcupines
  17 orc warriors
  28 ogres
  3 eyes of draining (D:11)
  A sky beast (D:5)
  2 ice beasts
  3 black bears
  A phantom (D:10)
  13 swamp drakes
  2 necrophages
  10 wolves
  9 centaurs
  14 crocodiles
  A big kobold (D:9)
  Blork the orc (D:9)
  10 bullfrogs
  A wyvern zombie (D:6)
  Dowan (D:7)
  2 scorpions
  15 killer bees
  8 wights
  3 electric eels
  3 howler monkeys
  9 crimson imps
  2 bullfrog zombies (Ossuary)
  2 quasits
  3 centaur zombies
  7 hounds
  4 jellies
  18 orc wizards
  A gnoll shaman (D:9)
  17 orc priests
  2 bullfrog skeletons
  3 centaur skeletons
  3 iguanas (D:6)
  11 worker ants
  A killer bee zombie (Ossuary)
  2 hound zombies
  A hound skeleton (D:4)
  4 worker ant zombies
  3 howler monkey zombies
  18 mummies (Ossuary)
  3 gnolls (D:9)
  22 adders
  4 shadow imps
  An ooze (D:1)
  An adder skeleton (D:7)
  4 adder zombies (Ossuary)
  2 dart slugs (D:1)
  6 leopard geckos
  59 orcs
  7 bats
  3 giant cockroaches
  8 goblins
  6 hobgoblins
  3 jackals (D:3)
  15 kobolds
  5 quokkas
  4 ball pythons
  3 frilled lizards
  A giant cockroach zombie (Ossuary)
  A kobold zombie (D:6)
  2 leopard gecko skeletons (D:4)
  A leopard gecko zombie (Ossuary)
  A quokka zombie (Ossuary)
  4 rats
778 creatures vanquished.

Vanquished Creatures (collateral kills)
  A swamp worm (Swamp:4)
1 creature vanquished.

Vanquished Creatures (others)
  An alligator (Swamp:4)
  An unseen horror (D:11)
  A swamp dragon (Swamp:4)
  A spriggan druid (Swamp:3)
  A tyrant leech (Swamp:4)
  A slave (D:5)
  A crimson imp (D:5)
  An orc wizard (D:5)
  A leopard gecko (D:5)
  An orc (D:5)
  7 briar patches (Swamp:4)
  12 demonic plants (Gauntlet)
  5 fungi (Lair:6)
  8 plants
  16 withered plants
58 creatures vanquished.

Grand Total: 837 creatures vanquished

Notes
Turn   | Place    | Note
-------+----------+-------------------------------------------
     0 | D:1      | robertstho the Gargoyle Gladiator began the quest for the
                  | Orb.
     0 | D:1      | Reached XP level 1. HP: 12/12 MP: 1/1
    26 | D:1      | Reached XP level 2. HP: 5/17 MP: 2/2
   561 | D:1      | Reached XP level 3. HP: 18/22 MP: 3/3
   911 | D:2      | Reached skill level 1 in Armour
   917 | D:2      | Reached XP level 4. HP: 22/27 MP: 4/4
  1000 | D:2      | Found a glowing golden altar of the Shining One.
  1339 | D:3      | Reached skill level 4 in Staves
  2029 | D:4      | Found a burning altar of Makhleb.
  2303 | D:4      | Reached XP level 5. HP: 31/31 MP: 5/5
  2382 | D:4      | Found Xyoh's Antique Weapon Shop.
  2553 | D:5      | Entered Level 5 of the Dungeon
  2553 | D:5      | Noticed a slave
  2555 | D:5      | Noticed Pikel
  2556 | D:5      | Noticed a slave
  2557 | D:5      | Noticed a slave
  2558 | D:5      | Noticed a slave
  2573 | D:5      | Noticed a sky beast
  2583 | D:5      | Killed Pikel
  2583 | D:5      | Reached skill level 6 in Staves
  2583 | D:5      | Reached XP level 6. HP: 30/37 MP: 6/6
  2583 | D:5      | Reached XP level 7. HP: 33/41 MP: 7/7
  2835 | D:5      | Reached skill level 7 in Staves
  2835 | D:5      | Reached XP level 8. HP: 46/46 MP: 8/8
  2886 | D:5      | Found an iron altar of Okawaru.
  2897 | D:5      | Became a worshipper of Warmaster Okawaru
  3435 | D:5      | Reached skill level 1 in Invocations
  3862 | D:6      | Found a sand-covered staircase.
  3886 | D:6      | Reached skill level 8 in Staves
  3910 | Ossuary  | Entered an ossuary
  4020 | Ossuary  | Reached * piety under Okawaru
  4219 | Ossuary  | Reached XP level 9. HP: 40/52 MP: 10/10
  4238 | Ossuary  | Reached skill level 5 in Armour
  4328 | Ossuary  | Reached skill level 9 in Staves
  4442 | D:6      | Reached ** piety under Okawaru
  4970 | D:6      | Reached skill level 10 in Staves
  5020 | D:6      | Reached *** piety under Okawaru
  5168 | D:6      | Found Ulaoteiz's Distillery.
  5176 | D:6      | Bought a potion of degeneration for 11 gold pieces
  5176 | D:6      | Bought a potion of curing for 33 gold pieces
  5176 | D:6      | Bought a potion of heal wounds for 55 gold pieces
  5622 | D:7      | Found Lock's Antique Weapon Emporium.
  5634 | D:7      | Reached XP level 10. HP: 58/58 MP: 12/12
  5782 | D:7      | Noticed Dowan
  5783 | D:7      | Noticed Duvessa
  5790 | D:7      | Killed Duvessa
  5792 | D:7      | Reached skill level 5 in Fighting
  5797 | D:7      | Killed Dowan
  5800 | D:7      | Found a staircase to the Ecumenical Temple.
  5854 | D:7      | Found a glowing silver altar of Zin.
  5979 | D:7      | Reached skill level 5 in Dodging
  5987 | D:7      | Reached **** piety under Okawaru
  5987 | D:7      | Reached skill level 11 in Staves
  6422 | D:7      | Noticed Menkaure
  6452 | D:7      | Killed Menkaure
  6452 | D:7      | Received a gift from Okawaru
  6846 | D:8      | Noticed a two-headed ogre
  6870 | D:8      | Killed a two-headed ogre
  6900 | D:8      | Found Loobesa's Assorted Antiques.
  6905 | D:8      | Bought 2 scrolls labeled VYBOMU UNUUTOTH for 58 gold pieces
  6905 | D:8      | Bought a scroll of identify for 58 gold pieces
  7029 | D:8      | Noticed Prince Ribbit
  7039 | D:8      | Killed Prince Ribbit
  7122 | D:8      | Found a shattered altar of Ashenzari.
  7147 | D:8      | Reached XP level 11. HP: 64/64 MP: 14/14
  7515 | D:9      | Reached skill level 12 in Staves
  7558 | D:9      | Found a blossoming altar of Fedhas.
  7785 | D:9      | Found a stormy altar of Qazlal.
  7801 | D:9      | Reached skill level 5 in Invocations
  7818 | D:9      | Reached ***** piety under Okawaru
  7894 | D:9      | Noticed Blork the orc
  7918 | D:9      | Killed Blork the orc
  7926 | D:9      | Found a shimmering blue altar of Sif Muna.
  8706 | D:10     | Entered Level 10 of the Dungeon
  9020 | D:10     | Noticed a two-headed ogre
  9030 | D:10     | Killed a two-headed ogre
  9273 | D:10     | Found a staircase to the Lair.
  9823 | D:10     | Noticed a manticore
  9846 | D:10     | Killed a manticore
 10202 | D:11     | Found Peutokaq's Armour Shop.
 10202 | D:11     | Found a staircase to the Orcish Mines.
 10202 | D:11     | Noticed an orc knight
 10234 | Lair:1   | Entered Level 1 of the Lair of Beasts
 10333 | Lair:1   | Noticed a seven-headed hydra
 10667 | Lair:2   | Reached skill level 13 in Staves
 10730 | Lair:2   | Received a gift from Okawaru
 10739 | Lair:2   | Got a pair of jewelled boots {god gift}
 10750 | Lair:2   | Identified the +1 pair of boots of Vexation {rElec}
                  | (Okawaru gifted it to you on level 2 of the Lair of Beasts)
 11008 | Lair:2   | Reached XP level 12. HP: 56/71 MP: 16/16
 11347 | Lair:2   | Identified a scroll of acquirement
 12493 | Lair:4   | You fall into a shaft and drop 2 floors!
 12493 | Lair:6   | Entered Level 6 of the Lair of Beasts
 12574 | Lair:6   | Noticed a death yak
 12581 | Lair:6   | Noticed a five-headed hydra
 12584 | Lair:6   | Killed a death yak
 12584 | Lair:6   | Reached ****** piety under Okawaru
 12593 | Lair:6   | Killed an 11-headed hydra
 12611 | Lair:6   | Noticed a catoblepas
 12622 | Lair:6   | Killed a catoblepas
 12622 | Lair:6   | Reached skill level 10 in Armour
 12821 | Lair:6   | Noticed a death yak
 12822 | Lair:6   | Reached skill level 14 in Staves
 12825 | Lair:6   | Noticed a death yak
 12839 | Lair:6   | Killed a death yak
 12866 | Lair:6   | Killed a death yak
 12873 | Lair:6   | Noticed a catoblepas
 12880 | Lair:6   | Killed a catoblepas
 12886 | Lair:6   | Noticed a death yak
 12887 | Lair:6   | Noticed a death yak
 12905 | Lair:6   | Killed a death yak
 12925 | Lair:6   | Killed a death yak
 13142 | Lair:6   | Noticed a death yak
 13158 | Lair:6   | Killed a death yak
 13158 | Lair:6   | Received a gift from Okawaru
 13158 | Lair:6   | Reached XP level 13. HP: 58/78 MP: 18/18
 13912 | Lair:6   | Received a gift from Okawaru
 13938 | Lair:6   | Reached skill level 15 in Staves
 14564 | Lair:5   | Found a staircase to the Slime Pits.
 14564 | Lair:5   | Found a viscous altar of Jiyva.
 14774 | Lair:5   | Gained mutation: Your large and strong wings let you fly
                  | indefinitely. [Gargoyle growth]
 14774 | Lair:5   | Reached XP level 14. HP: 65/86 MP: 20/20
 15614 | Lair:4   | Received a gift from Okawaru
 15902 | Lair:4   | Found a staircase to the Snake Pit.
 15914 | Lair:4   | Reached skill level 16 in Staves
 16275 | Lair:4   | Found a staircase to the Swamp.
 16455 | Lair:4   | Reached skill level 10 in Fighting
 16947 | D:11     | Received a gift from Okawaru
 17474 | D:11     | Got a polished hunting sling
 17475 | D:11     | Identified the cursed +1 hunting sling of Ancient Evil
                  | {freeze, Int+5 Dex-2} (You found it on level 11 of the
                  | Dungeon)
 17585 | D:11     | Noticed Sonja
 17595 | D:11     | Killed Sonja
 17805 | D:11     | Noticed Snorg
 18085 | D:11     | Received a gift from Okawaru
 18097 | D:11     | Got a crude quarterstaff {god gift}
 18098 | D:11     | Identified the +5 quarterstaff of Okawaru's Anger {crush,
                  | *Contam rC+ Str+4} (Okawaru gifted it to you on level 11 of
                  | the Dungeon)
 18108 | D:11     | Gained mutation: Your magical capacity is low. (-10% MP)
                  | [mutagenic glow]
 18488 | D:11     | Killed Snorg
 18543 | Orc:1    | Entered Level 1 of the Orcish Mines
 18545 | Orc:1    | Found a roughly hewn altar of Beogh.
 18747 | Orc:2    | Entered Level 2 of the Orcish Mines
 18822 | Orc:2    | Found Ram Fupp's Gadget Shop.
 18858 | Orc:2    | Found a gate leading to a gauntlet.
 18877 | Gauntlet | Entered a Gauntlet
 18877 | Gauntlet | Found a transporter.
 18877 | Gauntlet | Found a transporter.
 18907 | Gauntlet | Found a transporter.
 18907 | Gauntlet | Found a transporter.
 18910 | Gauntlet | Found a transporter.
 18910 | Gauntlet | Found a transporter.
 18924 | Gauntlet | Found a transporter.
 18924 | Gauntlet | Found a transporter.
 18934 | Gauntlet | Found a transporter.
 19035 | Gauntlet | Found a transporter.
 19039 | Gauntlet | Found a transporter.
 19047 | Gauntlet | Noticed an entropy weaver
 19049 | Gauntlet | Found a transporter.
 19197 | Gauntlet | Reached XP level 15. HP: 81/93 MP: 12/19
 19217 | Gauntlet | Got a pair of slimy gloves
 19228 | Gauntlet | Identified the +1 pair of gloves of the Rose {*Drain rC+
                  | rCorr Dex+3} (You found it in a Gauntlet)
 19342 | Gauntlet | Identified the ring "Taudea" {rElec rC- SInv Stlth+}
 19487 | Orc:2    | Found a roughly hewn altar of Beogh.
 19637 | Orc:2    | Reached skill level 17 in Staves
 19652 | Orc:2    | Received a gift from Okawaru
 19694 | Orc:2    | Found Wool's Assorted Antiques.
 19694 | Orc:2    | Found Vewanim's Distillery.
 19695 | Orc:2    | Found Duecuim's Magic Scroll Shop.
 19695 | Orc:2    | Found Recurad's Magic Scroll Shoppe.
 19742 | Orc:2    | Bought a scroll of fear for 70 gold pieces
 19742 | Orc:2    | Bought a potion of curing for 60 gold pieces
 19755 | Orc:2    | Bought a scroll of fear for 45 gold pieces
 19755 | Orc:2    | Bought a scroll of summoning for 123 gold pieces
 19756 | Orc:2    | Bought a scroll of enchant armour for 105 gold pieces
 19756 | Orc:2    | Bought 3 scrolls of fear for 147 gold pieces
 19756 | Orc:2    | Bought a scroll of fear for 49 gold pieces
 19757 | Orc:2    | Bought a potion of berserk rage for 85 gold pieces
 19757 | Orc:2    | Bought a potion of ambrosia for 136 gold pieces
 19757 | Orc:2    | Bought a potion of heal wounds for 85 gold pieces
 19757 | Orc:2    | Bought a potion of curing for 51 gold pieces
 19757 | Orc:2    | Bought a potion of agility for 68 gold pieces
 20085 | Orc:2    | Found a staircase to the Elven Halls.
 20262 | Swamp:1  | Entered Level 1 of the Swamp
 20262 | Swamp:1  | Noticed Josephine
 20271 | Swamp:1  | Killed Josephine
 20554 | Lair:4   | Reached skill level 10 in Invocations
 20690 | Lair:4   | Received a gift from Okawaru
 20698 | Lair:4   | Got an iridescent bardiche {god gift}
 20699 | Lair:4   | Identified the +1 bardiche of Pucku {flame, *Slow rPois rN+
                  | SInv} (Okawaru gifted it to you on level 4 of the Lair of
                  | Beasts)
 20712 | Lair:4   | Gained mutation: Your spells are a little easier to cast,
                  | but a little less powerful. [mutagenic glow]
 20980 | Swamp:1  | Got a warped battleaxe
 20981 | Swamp:1  | Identified the +6 battleaxe "Qeroranai" {chop, *Corrode
                  | +Fly rF+ Str+5} (You found it on level 1 of the Swamp)
 21030 | Swamp:1  | You are sucked into a shaft and drop 1 floor!
 21092 | Swamp:2  | Reached skill level 1 in Polearms
 21361 | Swamp:2  | Reached XP level 16. HP: 58/101 MP: 21/21
 21486 | Swamp:1  | Received a gift from Okawaru
 22305 | Swamp:3  | Got an iridescent quarterstaff
 22306 | Swamp:3  | Identified the +7 quarterstaff of Jadao {crush, +Rage rElec
                  | rF+} (You found it on level 3 of the Swamp)
 23208 | Swamp:4  | Entered Level 4 of the Swamp
 23342 | Swamp:4  | Received a gift from Okawaru
 23494 | Swamp:4  | Noticed a thorn hunter
 23657 | Swamp:4  | Reached skill level 5 in Polearms
 23976 | Swamp:4  | Reached skill level 10 in Dodging
 24908 | Swamp:4  | Killed from afar by a thorn hunter

Levels and vault maps discovered:
D:1:      saegor_arrival_simple_c, layout_basic
D:2:      layout_rooms, nicolae_tso_carved_into_rock
D:3:      layout_loops_ring, first_ration
D:4:      layout_loops_ring, lemuel_crystal_altar, serial_rivers,
          chequers_serial_rivers_marsh, chequers_serial_rivers_marsh,
          chequers_serial_rivers_small_b, chequers_serial_rivers_micro_d,
          serial_shops, kennysheep_little_box
D:5:      layout_layer_cave, okawaru_trees_1, roderic_filled_cross,
          chequers_serial_rivers_room_b, uniq_pikel
D:6:      layout_basic, enter_ossuary_3, serial_shops, shop
D:7:      layout_layer_cave, marbit_many_paths, minmay_temple_entry_mist,
          serial_shops, shop, grunt_livestock, uniq_menkaure, uniq_duvessa
D:8:      layout_basic, lemuel_doored_altar, serial_shops, shop,
          onia_ninara_dug_in_and_dangerous, uniq_prince_ribbit1
D:9:      layout_loops_ring, kennysheep_mini, lemuel_round_altar, tgw_sif,
          kennysheep_generic_room_3
D:10:     layout_gridville, erik_lair_orcish_takeover, minmay_strange_pillars
D:11:     layout_long_grid, orc_david_3, minmay_pinched_square, uniq_sonja,
          uniq_snorg
Lair:1:   layout_chaotic_city
Lair:2:   layout_cave_pods, disabler_island
Lair:3:   layout_roguey
Lair:4:   layout_layer_cave, nicolae_swamp_entry_splash_gauntlet,
          minmay_snake_entry_six_corridors, lemuel_fruit_fields
Lair:5:   layout_gridlike, slime_altar_1
Lair:6:   evilmike_catoblepas_cave, layout_regular_city, grunt_megastairs_1
Swamp:1:  layout_falls_marsh, evilmike_swamp_ruin_house_2, swamp_pool4,
          infiniplex_staircase_pool, uniq_josephine
Swamp:2:  layout_falls_marsh, hangedman_swamp_pad
Swamp:3:  layout_basic_swamp, evilmike_swamp_ruin_house_3
Swamp:4:  swamp_basic_johnstein, layout_basic_swamp
Orc:1:    layout_caves, serial_shops, shop, basic_altar, nicolae_alphabet_shops
Orc:2:    st_orc_ogre_mass, layout_diamond_mine, basic_altar,
          gauntlet_entry_generic, serial_shops, shop

Skill      XL: |  1  2  3  4  5  6  7  8  9 10 11 12 13 14 15 16 |
---------------+-------------------------------------------------+-----
Armour         | 1 3 4 6 7 9 10 11 12 13 | 13.6
Staves         | 4 6 7 8 10 11 13 14 15 16 17 | 17.7
Dodging        | 3 4 5 6 7 8 9 10 | 10.0
Fighting       | 3 4 5 6 7 9 10 11 12 | 12.0
Invocations    | 2 3 4 5 7 8 9 10 | 10.7
Polearms       | 2 5 |  5.6
Throwing       | |  1.9
Stealth        | |  0.7

Action                   |  1- 3 |  4- 6 |  7- 9 | 10-12 | 13-15 | 16-18 || total
-------------------------+-------+-------+-------+-------+-------+-------++-------
Melee: Quarterstaff      |   113 |   126 |   489 |   760 |    12 |       ||  1500
       Lajatang          |       |       |       |   221 |  1344 |       ||  1565
       Bardiche          |       |       |       |       |   101 |   424 ||   525
Invok: Heroism           |       |       |       |    14 |    14 |    11 ||    39
       Finesse           |       |       |       |     1 |    13 |     5 ||    19
 Abil: Fly               |       |       |       |       |     1 |       ||     1
Evoke: Wand              |       |       |       |     1 |       |     5 ||     6
       Phantom mirror    |       |       |       |       |       |     1 ||     1
  Use: Scroll            |       |     6 |    15 |     6 |    14 |     7 ||    48
       Potion            |       |     4 |     6 |     4 |     4 |     6 ||    24
 Stab: Invisible         |       |       |       |       |       |     5 ||     5
       Confused          |       |       |       |       |       |     2 ||     2
  Eat: Chunk             |       |     6 |     5 |    23 |    21 |     5 ||    60
       Ration            |       |       |     2 |     1 |     2 |     2 ||     7
Armor: Leather armour    |    60 |    33 |       |       |       |       ||    93
       Ring mail         |       |    32 |    15 |       |       |       ||    47
       Chain mail        |       |       |   153 |       |       |       ||   153
       Plate armour      |       |       |    94 |   534 |   628 |   535 ||  1791
       Troll leather arm |       |       |       |       |   372 |    97 ||   469
Dodge: Dodged            |    98 |   107 |   298 |   431 |  1280 |   674 ||  2888

Table legend:
 A = Non-vault XP
 B = Vault XP
 C = Vault XP percentage of total XP
 D = Non-vault monster count
 E = Vault monster count
 F = Vault count percentage of total count
                 A         B        C        D         E       F
            +---------+---------+-------+---------+---------+-------
      Total |   96523 |   68429 |  41.5 |     569 |     215 |  27.4
            +---------+---------+-------+---------+---------+-------
        D:1 |      50 |       0 |   0.0 |      24 |       0 |   0.0
        D:2 |      41 |       0 |   0.0 |      12 |       0 |   0.0
        D:3 |      50 |       0 |   0.0 |      16 |       0 |   0.0
        D:4 |      39 |       0 |   0.0 |       7 |       0 |   0.0
        D:5 |     834 |     706 |  45.8 |      21 |       1 |   4.5
        D:6 |    1659 |       1 |   0.1 |      40 |       1 |   2.4
        D:7 |    1618 |    1395 |  46.3 |      36 |       9 |  20.0
        D:8 |    1897 |     264 |  12.2 |      16 |       1 |   5.9
        D:9 |    2340 |     261 |  10.0 |      39 |       3 |   7.1
       D:10 |    3373 |     567 |  14.4 |      29 |       7 |  19.4
       D:11 |    8041 |    6447 |  44.5 |      58 |      23 |  28.4
     Lair:2 |    4173 |     306 |   6.8 |      19 |       3 |  13.6
     Lair:3 |    1460 |       0 |   0.0 |       8 |       0 |   0.0
     Lair:4 |   15808 |    4217 |  21.1 |      39 |      27 |  40.9
     Lair:5 |   11411 |       0 |   0.0 |      43 |       0 |   0.0
     Lair:6 |   12049 |   13150 |  52.2 |      50 |      29 |  36.7
    Swamp:1 |    4382 |    1054 |  19.4 |      14 |       1 |   6.7
    Swamp:2 |   12675 |       0 |   0.0 |      25 |       0 |   0.0
    Swamp:3 |    8373 |       0 |   0.0 |      20 |       0 |   0.0
    Swamp:4 |    3740 |   15775 |  80.8 |      18 |      28 |  60.9
      Orc:1 |    1512 |       0 |   0.0 |      11 |       0 |   0.0
      Orc:2 |     998 |   18113 |  94.8 |      24 |      38 |  61.3
    Ossuary |       0 |     733 | 100.0 |       0 |      35 | 100.0
   Gauntlet |       0 |    5440 | 100.0 |       0 |       9 | 100.0
            +---------+---------+-------+---------+---------+-------
